 Dungeon Crawl Stone Soup version 0.18-a0-1677-g2bdad6c (webtiles) character file.

110175 MenacingMecha the Shatterer (level 16, -3/247 HPs)
             Began as an Ogre Hunter on Apr 2, 2016.
             Was a High Priest of Trog.
             Slain by an 11-headed hydra (6 damage)
             ... called by a spriggan druid
             ... on level 2 of the Swamp.
             The game lasted 03:43:18 (36065 turns).

MenacingMecha the Shatterer (Ogre Hunter)          Turns: 36065, Time: 03:43:19

Health: -3/247     AC: 19    Str: 28    XL:     16   Next: 54%
Magic:  19/19      EV: 13    Int: 10    God:    Trog [*****.]
Gold:   1315       SH:  0    Dex: 17    Spells: 0 memorised, 15 levels left

rFire  + + +     SeeInvis .     J - +8 giant spiked club
rCold  + . .     Gourm    .     r - +4 fire dragon armour
rNeg   + . .     Faith    .     (shield currently unavailable)
rPois  +         Spirit   .     (helmet restricted)
rElec  +         Dismiss  .     t - +1 cloak {rPois}
rCorr  .         Reflect  .     (gloves unavailable)
SustAt .         Harm     .     (boots unavailable)
MR     ++...     Clarity  +     (no amulet)
Stlth  ..........               V - ring of Ovoinga {rElec rC++ rN+ MR- Str+2}
                                D - ring of protection from magic

@: berserking, very quick, very resistant to hostile enchantments, extremely
unstealthy
A: unfitting armour, antennae 1, agile 1, berserk 1, clarity, fire resistance 1,
magic resistance 1, poison resistance, tough skin 1
a: Berserk, Trog's Hand, Brothers in Arms, Burn Spellbooks, Renounce Religion


You were on level 2 of the Swamp.
You worshipped Trog.
Trog was extremely pleased with you.
You were not hungry.

You visited 4 branches of the dungeon, and saw 26 of its levels.
You also visited: Labyrinth and Ossuary.

You collected 2233 gold pieces.
You spent 918 gold pieces at shops.

Inventory:

Hand Weapons
 J - a +8 giant spiked club (weapon)
 K - a +4 antimagic giant spiked club
Missiles
 d - 4 throwing nets
 j - 3 large rocks (quivered)
 x - 4 steel javelins
 T - 15 tomahawks of returning
 W - 5 exploding tomahawks
Armour
 r - a +4 fire dragon armour (worn)
 t - a +1 cloak of poison resistance (worn)
Jewellery
 b - an uncursed ring of protection from cold
 s - an uncursed ring of protection from cold
 D - a ring of protection from magic (left hand)
 R - an uncursed ring of see invisible
 V - the ring of Ovoinga (right hand) {rElec rC++ rN+ MR- Str+2}
   (You bought it in a shop on level 2 of the Orcish Mines)

   [ring of strength]

   It affects your strength (+2).
   It greatly protects you from cold.
   It insulates you from electricity.
   It protects you from negative energy.
   It affects your resistance to hostile enchantments.
Wands
 g - a wand of slowing (31/48)
 h - a wand of lightning (8/15)
 o - a wand of acid (7/15)
 p - a wand of digging (11/24)
 q - a wand of heal wounds (4/9)
 B - a wand of confusion (38/48)
 C - a wand of enslavement (10/24)
 E - a wand of hasting (6/9)
 H - a wand of iceblast (9/15)
 L - a wand of disintegration (8/24)
 O - a wand of paralysis (13/24)
Scrolls
 f - 3 scrolls of recharging
 k - 12 scrolls of teleportation
 l - 5 scrolls of identify
 m - 6 scrolls of blinking
 n - 3 scrolls of magic mapping
 u - 2 scrolls of fog
 y - 4 scrolls of fear
 M - 3 scrolls of remove curse
Potions
 a - 4 potions of cure mutation
 e - 3 potions of invisibility
 i - 11 potions of curing
 A - 4 potions of flight
 G - 3 potions of agility
 N - 3 potions of resistance
 P - 3 potions of heal wounds
 Q - 3 potions of might
 U - 2 potions of haste
Books
 w - a book of Power

   Spells                             Type                      Level
   a - Fulminant Prism                Conjuration/Hexes            4
   b - Iskenderun's Mystic Blast      Conjuration                  4
   c - Venom Bolt                     Conjuration/Poison           5
   d - Bolt of Magma                  Conjuration/Fire/Earth       5
   e - Iron Shot                      Conjuration/Earth            6
   f - Orb of Destruction             Conjuration                  7
   g - Spellforged Servitor           Conjuration/Summoning        7
   Trog disapproves of the use of such an item.
Miscellaneous
 S - a lamp of fire
 X - a stone of tremors
Comestibles
 c - 4 fruits
 v - 10 royal jellies
 z - 2 beef jerkies
 F - a meat ration
 I - a bread ration
 Y - 9 chunks of flesh


   Skills:
 - Level 12.2 Fighting
 - Level 23.0 Maces & Flails
 - Level 9.1 Throwing
 * Level 12.0 Armour
 + Level 8.4 Dodging
 - Level 0.7 Stealth
 - Level 5.0 Evocations


You had 15 spell levels left.
You didn't know any spells.

Dungeon Overview and Level Annotations

Branches:
Dungeon (14/15) Temple (0/1) D:5 Lair (8/8) D:11 Swamp (2/4) Lair:3 Snake (0/4) Lair:4 Slime (0/6) Lair:6 Orc (2/2) D:10 Elf (0/3) Orc:2 Vaults (0/5) D:13 D:14

Altars:
Gozag
Pakellas
Ru
Trog
Yredelemnul
The Shining One
Beogh
Jiyva

Shops:
Orc:2 ?*=!

Annotations:
D:11 incomplete
Lair:2 stash1


Innate Abilities, Weirdness & Mutations

You are too large for most types of armour.
You have tough skin (AC +1).
You have a pair of small antennae on your head.
You are agile. (Dex +2)
You tend to lose your temper in combat.
You possess an exceptional clarity of mind.
Your flesh is heat resistant.
You are resistant to hostile enchantments.
Your system is resistant to poisons.


Message History

The 11-headed hydra closely misses you. The 11-headed hydra bites you!
* * * LOW HITPOINT WARNING * * *
The 11-headed hydra closely misses you.
The 11-headed hydra bites you but does no damage.
A komodo dragon comes into view.
The komodo dragon hisses angrily.
You impale the 11-headed hydra!!
The 11-headed hydra is severely wounded.
You bludgeon the 11-headed hydra!!
The 11-headed hydra is almost dead.
The 11-headed hydra bites you but does no damage.
The 11-headed hydra bites you!
* * * LOW HITPOINT WARNING * * *
The 11-headed hydra bites you!
* * * LOW HITPOINT WARNING * * *
The 11-headed hydra completely misses you.
The 11-headed hydra bites you.
* * * LOW HITPOINT WARNING * * *
The 11-headed hydra bites you.
You die...

..♣♣.♣♣♣....♣ ♣..♣ ♣♣≈..≈..♣♣♣♣
♣♣♣♣♣♣ ♣.≈≈.♣ ♣§(♣ ♣♣.≈≈.♣≈♣♣≈ ♣
♣.≈§.♣ ♣l.♣ ♣...§.♣♣♣. ♣♣
♣♣...≈♣♣♣..♣ ♣.≈.♣≈..... ≈♣♣
♣♣.≈≈≈≈.♣♣..♣♣♣♣♣♣♣..≈≈≈≈≈.≈ ≈<♣
♣.♣.≈≈≈≈♣≈...♣♣≈♣♣♣§≈≈≈≈.≈.≈ .♣♣
♣♣≈.≈≈≈......♣...♣♣≈≈≈≈≈.≈.§ ≈≈♣♣
♣♣≈♣≈≈≈....D###.≈♣♣......≈♣§ ≈≈.♣
♣..≈♣§≈≈≈.≈@#.......≈≈≈≈≈≈.≈
..♣♣♣♣.≈≈..≈≈≈≈..)..♣.≈.§.≈.≈.♣.≈
..♣♣♣....≈..≈≈...#(......§..≈≈≈≈≈
...♣....♣≈.≈≈≈≈..#....?≈≈≈.≈≈...≈
≈≈..≈≈..♣♣♣♣.....#.(....≈≈.♣≈≈≈.♣
.≈..≈♣...♣ ♣♣♣♣..#.....#≈≈≈≈≈♣≈.♣
♣.≈♣≈...♣♣ ♣♣.#..(..#..<≈≈≈≈.♣
..≈≈≈.≈≈♣ ♣.##.####..≈≈≈...♣
♣.≈≈≈..♣♣ ♣..........§.≈≈...


You could see a 11-headed hydra and a komodo dragon.

Vanquished Creatures
  Rupert (D:13)
  The ghost of Oddball22 the End of an Era, an adept DsFi of Qazlal (Orc:2)
  An orc warlord (Orc:2)
  Maud (Lair:4)
  A very ugly thing (D:13)
  Josephine (Lair:4)
  A minotaur (Lab)
  Fannar (Lair:3)
  9 hydras
  Erolcha (D:8)
  Erica (D:9)
  A centaur warrior (D:14)
  5 alligators
  5 death yaks (Lair:7)
  5 orc high priests
  A queen ant (Lair:5)
  4 slime creatures
  A spriggan druid (Swamp:2)
  An unseen horror (D:12)
  A swamp dragon (Swamp:2)
  5 skeletal warriors
  A shambling mangrove (Swamp:1)
  A hill giant (D:10)
  A wizard (D:14)
  Pikel (D:5)
  7 orc knights
  7 orc sorcerers
  A hornet (Swamp:1)
  2 ugly things
  A manticore (D:13)
  23 elephants
  The ghost of Calamarain the Skirmisher, a novice MiFi of Makhleb (D:5)
  Maurice (D:9)
  6 black mambas
  A centaur zombie (D:10)
  11 spiny frogs
  A rime drake (Lair:4)
  11 komodo dragons
  7 trolls
  A polar bear (Lair:6)
  2 giant leeches (Swamp:2)
  A queen bee (D:9)
  Prince Ribbit (D:7)
  5 two-headed ogres
  A minotaur skeleton (Lab)
  3 bog bodies
  16 blink frogs
  5 wraiths
  2 shadows (Swamp:1)
  2 wyverns
  54 yaks
  A basilisk (Lair:5)
  7 hippogriffs
  16 humans (D:13)
  12 vampire mosquitoes
  6 hungry ghosts
  3 wargs (Orc:2)
  10 swamp worms
  9 soldier ants (Lair:5)
  11 insubstantial wisps
  33 water moccasins
  16 porcupines
  3 ice beasts
  A slave (D:5)
  48 orc warriors
  3 swamp drakes
  3 wasps
  3 black bears
  4 necrophages
  5 sky beasts
  4 phantoms
  17 ogres
  8 wolves (Lair:4)
  6 centaurs
  The ghost of Marenglen the Stinger, an amateur DrVM (D:3)
  9 crocodiles
  16 big kobolds (D:8)
  An elf zombie (Ossuary)
  A gnoll sergeant (D:12)
  A wyvern zombie (D:14)
  A water moccasin zombie (D:9)
  14 giant frogs
  4 scorpions
  A wyvern skeleton (D:11)
  41 killer bees
  5 wights (D:12)
  2 electric eels (Lair:3)
  12 howler monkeys
  2 giant frog zombies
  5 crimson imps
  A quasit (D:11)
  2 human zombies (Ossuary)
  5 hounds
  A gnoll shaman (Orc:1)
  2 jellies
  3 giant frog skeletons
  28 orc priests
  23 orc wizards
  A centaur skeleton (D:10)
  Ijyb (D:3)
  7 iguanas
  29 worker ants
  20 sheep
  A hound zombie (D:6)
  2 mummies (Ossuary)
  13 gnolls
  A howler monkey skeleton (D:8)
  19 adders
  38 river rats
  A shadow imp (D:13)
  3 oozes
  3 adder zombies
  4 worms
  3 dart slugs
  6 giant geckos
  106 orcs
  10 giant cockroaches
  7 goblins
  9 hobgoblins
  8 jackals
  4 quokkas
  A ball python (D:1)
  5 bats
  5 giant newts
  2 goblin zombies (Ossuary)
  7 hobgoblin zombies (Ossuary)
  A jackal skeleton (D:8)
  24 kobolds
  11 kobold zombies (Ossuary)
  9 orc zombies (Ossuary)
  2 quokka skeletons (D:4)
  A quokka zombie (D:9)
  11 rats
  2 rat zombies (Ossuary)
  2 fungi
1014 creatures vanquished.

Vanquished Creatures (collateral kills)
  Agnes (D:14)
1 creature vanquished.

Vanquished Creatures (others)
  A wizard (D:14)
  A slave (D:5)
  An adder (Lair:3)
  A shadow imp (D:5)
  3 orcs
  A quokka (D:5)
  41 fungi
  14 plants
63 creatures vanquished.

Grand Total: 1078 creatures vanquished

Notes
Turn   | Place    | Note
--------------------------------------------------------------
     0 | D:1      | MenacingMecha the Ogre Hunter began the quest for the Orb.
     0 | D:1      | Reached XP level 1. HP: 22/22 MP: 1/1
    61 | D:1      | Reached skill level 1 in Maces & Flails
   178 | D:1      | Reached skill level 2 in Maces & Flails
   307 | D:1      | Reached XP level 2. HP: 29/29 MP: 2/2
   623 | D:1      | Reached skill level 3 in Maces & Flails
   705 | D:1      | Reached XP level 3. HP: 32/36 MP: 3/3
  1044 | D:1      | Reached skill level 4 in Maces & Flails
  1583 | D:2      | Reached XP level 4. HP: 44/44 MP: 4/4
  1714 | D:2      | Found a glowing golden altar of the Shining One.
  1900 | D:2      | Reached skill level 5 in Maces & Flails
  2372 | D:3      | Found an oddly glowing altar of Pakellas.
  2594 | D:3      | Reached skill level 6 in Maces & Flails
  2594 | D:3      | Reached XP level 5. HP: 40/50 MP: 5/5
  2800 | D:3      | Noticed Marenglen's ghost (amateur DrVM)
  3044 | D:3      | Reached skill level 7 in Maces & Flails
  3621 | D:4      | Reached XP level 6. HP: 32/59 MP: 6/6
  3636 | D:4      | Reached skill level 8 in Maces & Flails
  4062 | D:4      | Found a bloodstained altar of Trog.
  4109 | D:4      | Became a worshipper of Trog the Wrathful
  4303 | D:4      | Found a sand-covered staircase.
  4311 | Ossuary  | Entered an ossuary
  4324 | Ossuary  | Reached skill level 9 in Maces & Flails
  4495 | Ossuary  | Reached XP level 7. HP: 66/66 MP: 7/7
  4571 | Ossuary  | Reached skill level 10 in Maces & Flails
  5580 | D:5      | Entered Level 5 of the Dungeon
  5735 | D:5      | Noticed Pikel
  5750 | D:5      | Killed Pikel
  5750 | D:5      | Reached skill level 12 in Maces & Flails
  5750 | D:5      | Reached XP level 8. HP: 58/74 MP: 8/8
  5912 | D:5      | Found a staircase to the Ecumenical Temple.
  6054 | D:5      | Noticed Calamarain's ghost (novice MiFi)
  6127 | D:6      | Reached skill level 1 in Armour
  6345 | D:6      | Reached * piety under Trog
  6556 | D:6      | Reached XP level 9. HP: 81/85 MP: 9/9
  6641 | D:6      | Reached skill level 13 in Maces & Flails
  6832 | D:6      | Found a sacrificial altar of Ru.
  7233 | D:7      | Found an opulent altar of Gozag.
  7585 | D:7      | Noticed Prince Ribbit
  7619 | D:7      | Killed Prince Ribbit
  7619 | D:7      | Reached skill level 14 in Maces & Flails
  8145 | D:8      | Noticed Erolcha
  8153 | D:8      | Killed Erolcha
  8338 | D:8      | Reached XP level 10. HP: 91/94 MP: 10/10
  8601 | D:8      | Reached skill level 15 in Maces & Flails
  8999 | D:8      | Reached ** piety under Trog
  9050 | D:8      | Reached skill level 16 in Maces & Flails
  9463 | D:9      | Noticed Erica
  9473 | D:9      | Killed Erica
  9602 | D:9      | Reached skill level 17 in Maces & Flails
  9643 | D:9      | Reached XP level 11. HP: 56/101 MP: 11/11
  9880 | D:9      | Reached skill level 18 in Maces & Flails
 10792 | D:5      | Reached *** piety under Trog
 10806 | D:5      | Killed Calamarain's ghost
 11015 | D:3      | Noticed Ijyb
 11017 | D:3      | Killed Ijyb
 11707 | D:3      | Killed Marenglen's ghost
 11848 | D:10     | Entered Level 10 of the Dungeon
 11961 | D:9      | Gained mutation: You tend to lose your temper in combat. [potion of mutation]
 11961 | D:9      | Gained mutation: You are resistant to hostile enchantments. [potion of mutation]
 11961 | D:9      | Gained mutation: Your flesh is heat resistant. [potion of mutation]
 11973 | D:9      | Gained mutation: You are agile. (Dex +2) [potion of beneficial mutation]
 11981 | D:9      | Gained mutation: You have a pair of small antennae on your head. [potion of beneficial mutation]
 12128 | D:10     | Noticed a hill giant
 12140 | D:10     | Killed a hill giant
 12227 | D:10     | Reached skill level 19 in Maces & Flails
 12247 | D:10     | Reached skill level 5 in Fighting
 12493 | D:10     | Found a staircase to the Orcish Mines.
 12971 | D:10     | Reached skill level 5 in Armour
 13069 | D:10     | Reached **** piety under Trog
 13254 | D:11     | Found a staircase to the Lair.
 13318 | Lair:1   | Entered Level 1 of the Lair of Beasts
 13538 | D:11     | Reached XP level 12. HP: 73/114 MP: 12/12
 14248 | Lair:1   | Found a basalt altar of Yredelemnul.
 15524 | Lair:2   | Gained mutation: Your system is resistant to poisons. [potion of beneficial mutation]
 16090 | Lair:2   | Reached ***** piety under Trog
 16140 | Lair:2   | Noticed a four-headed hydra
 16145 | Lair:2   | Killed a four-headed hydra
 16228 | Lair:2   | Reached skill level 20 in Maces & Flails
 16338 | Lair:2   | Reached XP level 13. HP: 114/127 MP: 13/13
 16465 | Lair:2   | Reached skill level 21 in Maces & Flails
 17179 | Lair:3   | Reached skill level 1 in Evocations
 17190 | Lair:3   | Noticed Fannar
 17202 | Lair:3   | Killed Fannar
 17202 | Lair:3   | Reached skill level 5 in Throwing
 17481 | Lair:3   | Received a gift from Trog
 17649 | Lair:3   | Found a staircase to the Swamp.
 18437 | Lair:4   | Noticed Josephine
 18476 | Lair:4   | Killed Josephine
 18476 | Lair:4   | Reached skill level 5 in Evocations
 18614 | Lair:4   | Gained mutation: You possess an exceptional clarity of mind. [potion of beneficial mutation]
 18876 | Lair:4   | Noticed Maud
 18898 | Lair:4   | Killed Maud
 18904 | Lair:4   | Reached skill level 5 in Dodging
 19589 | Lair:4   | Found a staircase to the Snake Pit.
 20300 | Lair:5   | Reached XP level 14. HP: 135/136 MP: 17/17
 20339 | Lair:5   | Reached ****** piety under Trog
 20374 | Lair:5   | Received a gift from Trog
 21077 | D:9      | Reached skill level 10 in Armour
 21259 | D:9      | Noticed Maurice
 21268 | D:9      | Killed Maurice
 21481 | D:9      | Received a gift from Trog
 21538 | D:9      | Received a gift from Trog
 21894 | Orc:1    | Entered Level 1 of the Orcish Mines
 22180 | Orc:2    | Entered Level 2 of the Orcish Mines
 22180 | Orc:2    | Noticed Oddball22's ghost (adept DsFi)
 22327 | Orc:2    | Killed Oddball22's ghost
 22926 | Orc:2    | Received a gift from Trog
 23580 | Orc:2    | Received a gift from Trog
 23700 | Orc:2    | Found a roughly hewn altar of Beogh.
 23940 | Orc:2    | Found Teell's Magic Scroll Emporium.
 24132 | Orc:2    | Found Aclunum's General Store.
 24146 | Orc:2    | Received a gift from Trog
 24533 | Orc:2    | Noticed an orc warlord
 24566 | Orc:2    | Killed an orc warlord
 24734 | Orc:2    | Found a roughly hewn altar of Beogh.
 25179 | Orc:2    | Found Xirecaja's Distillery.
 25189 | Orc:2    | Bought a potion of heal wounds for 85 gold pieces
 25189 | Orc:2    | Bought a potion of haste for 170 gold pieces
 25281 | Orc:2    | Found Oneesakh's Jewellery Emporium.
 25291 | Orc:2    | Bought the ring of Ovoinga {rElec rC++ rN+ MR- Str+2} for 663 gold pieces
 25495 | Orc:2    | Reached XP level 15. HP: 96/143 MP: 18/18
 26028 | Orc:2    | Found a staircase to the Elven Halls.
 26036 | Orc:2    | Received a gift from Trog
 27187 | Lair:6   | Reached skill level 10 in Fighting
 27755 | Lair:6   | Received a gift from Trog
 27766 | Lair:6   | Got a slimy giant club {god gift}
 27933 | Lair:6   | Identified the +4 giant club of Conformity {flame, rPois Int+4} (Trog gifted it to you on level 6 of the Lair of Beasts)
 28193 | Lair:6   | Found a viscous altar of Jiyva.
 28193 | Lair:6   | Found a staircase to the Slime Pits.
 29218 | Lair:7   | Received a gift from Trog
 29224 | Lair:7   | Found a bloodstained altar of Trog.
 30002 | Lair:8   | Entered Level 8 of the Lair of Beasts
 30002 | Lair:8   | Found a labyrinth entrance.
 30062 | Lab      | Entered a labyrinth
 31955 | D:14     | Found a gate to the Vaults.
 31955 | D:14     | Noticed Rupert
 32281 | D:13     | Killed Rupert
 32281 | D:13     | Reached skill level 22 in Maces & Flails
 32281 | D:13     | Reached XP level 16. HP: 149/159 MP: 19/19
 32294 | D:13     | Received a gift from Trog
 32662 | D:14     | Noticed Agnes
 32671 | D:14     | Killed Agnes
 33958 | Swamp:1  | Entered Level 1 of the Swamp
 34434 | Swamp:1  | Reached skill level 23 in Maces & Flails
 36060 | Swamp:2  | Received a gift from Trog
 36065 | Swamp:2  | HP: 9/247 [11-headed hydra[a spriggan druid] (11)]
 36065 | Swamp:2  | HP: 3/247 [11-headed hydra[a spriggan druid] (6)]
 36065 | Swamp:2  | Slain by an 11-headed hydra

Vault maps used:
D:1:      dpeg_arrival_more_subterranean_lakeside_camping
D:2:      nicolae_tso_swordbearing_angel, uniq_jessica
D:3:      minmay_crystal_water, grunt_pakellas_basics, uniq_iyjb
D:4:      chequers_ossuary_entry_cave, trog_hazing_becter
D:5:      temple_pool_b, first_bread, uniq_pikel
D:6:      kennysheep_mini_moat, serial_glass, glass_columns_a, glass_columns_b,
          moated_statue
D:7:      basic_altar, uniq_prince_ribbit1
D:8:      special_room, blue_anna_alchemist, uniq_erolcha
D:9:      hangedman_abyss_or_decor_stagger, uniq_maurice, uniq_erica
D:10:     orc_0_dummy
D:11:     lair_0_dummy
D:14:     david_vaults_3, glass_columns_c, uniq_agnes
Lair:1:   basic_altar, beast_lair_carwin_5
Lair:2:   mu_elephants_graveyard, infiniplex_staircase_pool
Lair:3:   lemuel_reptile_caves, minmay_swamp_entry_swarm, uniq_fannar
Lair:4:   dummy_snake_entry, cheibrodos_lair_reptile_den, lemuel_fruit_fields,
          serial_bayou_shore_b, grunt_megastairs_3, uniq_josephine, uniq_maud
Lair:5:   zaba_antful_of_joy
Lair:6:   dpeg_slime_entry_enclosed_altar, infiniplex_staircase_pool_2
Lair:7:   basic_altar, serial_bayou_pond_d, minmay_holes
Lair:8:   minmay_lair_end_enchanted_forest, lab_entry_generic
Swamp:1:  serial_swamp_ruin, evilmike_swamp_ruin_rubble_2,
          evilmike_swamp_ruin_house_4, evilmike_swamp_ruin_house_6
Swamp:2:  evilmike_swamp_ruin_house_2, swamp_pool1,
          nicolae_swamp_hydra_murder_den
Orc:2:    pubby_orc_utopia
Lab:      labyrinth_spiral, nicolae_lab_dead_end, nicolae_lab_starburst,
          nicolae_lab_garden
Ossuary:  ossuary_tomb_1

Skill      XL: |  1  2  3  4  5  6  7  8  9 10 11 12 13 14 15 16 |
---------------+-------------------------------------------------+-----
Maces & Flails | 2 3 4 6 7 9 12 14 17 19 20 21 22 23 | 23.0
Fighting       | 4 6 8 10 12 | 12.2
Armour         | 2 4 7 8 9 11 12 | 12.0
Dodging        | 3 4 5 7 8 |  8.4
Evocations     | 5 |  5.0
Throwing       | 5 8 9 |  9.1
Stealth        | |  0.7

Action                   |  1- 3 |  4- 6 |  7- 9 | 10-12 | 13-15 | 16-18 || total
-------------------------+-------+-------+-------+-------+-------+-------++-------
Melee: Whip              |   144 |   221 |    69 |       |       |       ||   434
       Flail             |       |   110 |    97 |       |       |       ||   207
       Giant club        |       |       |   103 |       |       |       ||   103
       Giant spiked club |       |       |     3 |   520 |  1421 |   227 ||  2171
Throw: Stone             |    28 |    78 |    23 |    20 |     4 |       ||   153
       Large rock        |     5 |    13 |    41 |    76 |    81 |    33 ||   249
       Tomahawk          |       |     3 |     3 |       |    24 |       ||    30
       Throwing net      |       |     1 |       |       |       |       ||     1
Invok: Berserk           |       |       |     1 |     3 |     8 |     2 ||    14
       Trog's Hand       |       |       |       |     2 |     2 |       ||     4
       Brothers in Arms  |       |       |       |       |       |     1 ||     1
Evoke: Wand              |       |       |       |     1 |     2 |       ||     3
  Use: Scroll            |       |     3 |     6 |     6 |    22 |     2 ||    39
       Potion            |       |       |     8 |     9 |     2 |     1 ||    20
 Stab: Sleeping          |       |     1 |       |       |       |       ||     1
  Eat: Chunk             |     2 |     6 |    10 |    21 |    53 |     9 ||   101
       Bread ration      |       |     1 |       |       |     1 |       ||     2
       Beef jerky        |       |       |     1 |     1 |       |     1 ||     3
       Pizza             |       |       |     1 |     1 |       |       ||     2
       Royal jelly       |       |       |     1 |       |     3 |       ||     4
       Fruit             |       |       |     1 |       |       |       ||     1
       Meat ration       |       |       |       |     2 |       |     1 ||     3
